[Event "Titled Tuesday Blitz November 01 Early 2022"]
[White "Kotepalli, Sai Nirupama"]
[Black "Guzman Moneo, Alberto"]
[WhiteFideId "5039444"]
[BlackFideId "2209616"]
[WhiteElo "2393"]
[BlackElo "2157"]
[Result "1-0"]
[Round "05"]
[TimeControl "180+1"]
[Date "2022.11.02"]
[WhiteClock "0:00:50"]
[BlackClock "0:00:01"]

1. e4 c5 2. Nf3 Nc6 3. d3 Nf6 4. g3 d5 5. e5 Ng4 6. Bf4 g5 7. Nxg5 Bg7 8. c3 Ngxe5 9. Bg2 Ng6 10. Be3 d4 11. Bd2 Qb6 12. Qc2 O-O 13. Na3 e5 14. Nc4 Qc7 15. O-O Bf5 16. Rae1 Rae8 17. Ne4 Bxe4 18. Bxe4 b5 19. Na3 a6 20. h4 f5 21. Bxc6 Qxc6 22. cxd4 exd4 23. f4 Ne7 24. b4 cxb4 25. Bxb4 Qxc2 26. Nxc2 Rc8 27. Bxe7 Rxc2 28. Bxf8 Bxf8 29. Rf2 Rc3 30. Rd2 Bb4 31. Rb1 a5 32. Kf1 Ra3 33. Rc2 Rxd3 34. Kf2 Ra3 35. Rbb2 Kf7 36. Rc7+ Ke6 37. Rb7 Kd5 38. Rxb5+ Kc4 39. Rxf5 Rc3 40. Rf7 Kd3 41. Rxh7 Rc1 42. a3 Be1+ 43. Kf3 Bc3 44. Rf2 Be1 45. Rf1 Kd2 46. Re7 d3 47. Re3 a4 48. h5 1-0


[Site "https://www.chess.com"]

[Event "Titled Tuesday Blitz November 01 Early 2022"]
[White "Kowalczyk, Pawel"]
[Black "Kovalenko, Igor"]
[WhiteFideId "1130641"]
[BlackFideId "14117908"]
[WhiteElo "2324"]
[BlackElo "2574"]
[Result "1/2-1/2"]
[Round "05"]
[TimeControl "180+1"]
[Date "2022.11.01"]
[WhiteClock "0:00:24"]
[BlackClock "0:00:10"]

1. e4 c5 2. Ne2 Nc6 3. g3 e6 4. Bg2 d6 5. O-O Nf6 6. c3 Be7 7. d4 cxd4 8. cxd4 O-O 9. d5 exd5 10. exd5 Ne5 11. Nbc3 Ng6 12. Re1 Bd7 13. h3 Rc8 14. Be3 a6 15. Nd4 Re8 16. Qd2 h6 17. f4 Nh5 18. Bf2 Bf6 19. Rxe8+ Qxe8 20. Re1 Qd8 21. Qd1 Bxd4 22. Qxd4 Nf6 23. a4 h5 24. Qb4 Qc7 25. Bf1 Bf5 26. a5 Qd7 27. Kh2 Re8 28. Rxe8+ Nxe8 29. Be3 Qe7 30. Qd4 Nf6 31. Be2 Qd8 32. b4 Qd7 33. Bf1 Qc8 34. b5 axb5 35. Nxb5 Qc2+ 36. Kg1 Ne4 37. Qd3 Qa4 38. Nd4 Nxg3 39. Nxf5 Nxf1 40. Kxf1 Nxf4 41. Bxf4 Qxf4+ 42. Kg2 g6 43. Ng3 Qb4 44. a6 bxa6 45. Qxa6 Qd2+ 46. Qe2 Qxd5+ 47. Qe4 Qc5 48. h4 Kg7 49. Nf1 Qe5 50. Qf3 f5 51. Nd2 Kf6 52. Qf2 Qd5+ 53. Nf3 Qe4 54. Kg1 f4 55. Ng5 Qe3 56. Qxe3 fxe3 57. Kg2 d5 58. Kf3 d4 59. Ke4 e2 60. Nf3 d3 61. Kxd3 Kf5 62. Kxe2 Ke4 63. Kf2 Kf4 64. Kg2 Kg4 65. Kf2 Kf4 66. Nh2 g5 67. hxg5 Kxg5 68. Kg3 h4+ 69. Kh3 Kf4 70. Nf3 Kxf3 71. Kxh4 1/2-1/2


[Site "https://www.chess.com"]

[Event "Titled Tuesday Blitz November 01 Early 2022"]
[White "Le, Tuan Minh"]
[Black "Goltsev, Dmitry"]
[WhiteFideId "12401153"]
[BlackFideId "24176710"]
[WhiteElo "2530"]
[BlackElo "2289"]
[Result "*"]
[Round "05"]
[TimeControl "180+1"]
[Date "2022.11.01"]
[WhiteClock "0:02:55"]
[BlackClock "0:02:55"]

1. d4 Nf6 2. Nf3 e6 3. Bf4 d5 4. e3 c5 5. c3 Nc6 6. Nbd2 Bd6 7. Bg3 Qe7 8. Bb5 O-O 9. Bxc6 bxc6 10. Qa4 Bd7 11. Bxd6 Qxd6 12. Qa3 Rfb8 13. O-O *


[Site "https://www.chess.com"]

[Event "Titled Tuesday Blitz November 01 Early 2022"]
[White "Levine, David"]
[Black "Gu, Xiaobing"]
[WhiteFideId "2011611"]
[BlackFideId "8602611"]
[WhiteElo "2218"]
[BlackElo "2174"]
[Result "0-1"]
[Round "05"]
[TimeControl "180+1"]
[Date "2022.11.02"]
[WhiteClock "0:00:47"]
[BlackClock "0:00:55"]

1. d4 Nf6 2. c4 g6 3. g3 Bg7 4. Bg2 d6 5. Nf3 O-O 6. O-O Nc6 7. Nc3 Rb8 8. Bg5 a6 9. d5 Na5 10. b3 c5 11. dxc6 bxc6 12. Qd2 c5 13. Bh6 Nc6 14. Rad1 Bb7 15. Rfe1 Qa5 16. Bxg7 Kxg7 17. Nd5 Qxd2 18. Rxd2 Ne4 19. Rc2 e6 20. Nb6 Rfd8 21. Nd2 Nd4 22. Nxe4 Nxc2 23. Rc1 Nd4 0-1


[Site "https://www.chess.com"]

[Event "Titled Tuesday Blitz November 01 Early 2022"]
[White "Lopez, Henry"]
[Black "Kustar, Sandor"]
[WhiteFideId "5203830"]
[BlackFideId "702900"]
[WhiteElo "2177"]
[BlackElo "2385"]
[Result "1-0"]
[Round "05"]
[TimeControl "180+1"]
[Date "2022.11.02"]
[WhiteClock "0:01:26"]
[BlackClock "0:01:16"]

1. d4 Nf6 2. Nf3 e6 3. c4 a6 4. Nc3 c5 5. d5 exd5 6. Nxd5 Nxd5 7. Qxd5 Be7 8. e3 Nc6 9. Be2 d6 10. O-O Be6 11. Qd1 d5 12. cxd5 Qxd5 13. Qa4 O-O 14. Rd1 Qf5 15. Bd3 Qh5 16. Qf4 b5 17. Bd2 Rfd8 18. Be4 Bd5 19. Bc3 Rac8 20. g4 1-0


[Site "https://www.chess.com"]

[Event "Titled Tuesday Blitz November 01 Early 2022"]
[White "Luxama, Jacques Muller"]
[Black "Cabezas Solano, David Alejandro"]
[WhiteFideId "11900113"]
[BlackFideId "6507522"]
[WhiteElo "1931"]
[BlackElo "2035"]
[Result "0-1"]
[Round "05"]
[TimeControl "180+1"]
[Date "2022.11.02"]
[WhiteClock "0:00:02"]
[BlackClock "0:00:02"]

1. d4 Nf6 2. c4 e6 3. Nc3 d5 4. cxd5 exd5 5. Bg5 Be7 6. e3 Kf8 7. Bd3 c6 8. Qc2 h6 9. Bh4 g6 10. Nf3 Kg7 11. O-O Nbd7 12. Rfe1 Re8 13. Rad1 Ne4 14. Nxe4 dxe4 15. Bxe4 Bxh4 16. Bd3 Be7 17. e4 Nf6 18. h3 Be6 19. b3 Rc8 20. Bc4 Bxc4 21. bxc4 Bb4 22. Re3 Qa5 23. e5 Nd7 24. Rdd3 Rcd8 25. a3 Bf8 26. Rb3 b5 27. cxb5 cxb5 28. Qc6 a6 29. h4 Re6 30. Qc2 Nb6 31. h5 g5 32. Qe4 Nd5 33. Re1 Bxa3 34. Ra1 b4 35. Nh2 Qc7 36. Rab1 a5 37. Ng4 a4 38. Rf3 Nc3 39. Rxc3 bxc3 40. Ne3 Rc8 41. Nf5+ Kf8 0-1


[Site "https://www.chess.com"]

[Event "Titled Tuesday Blitz November 01 Early 2022"]
[White "Manon-og, Ramon Jr."]
[Black "Grave, Jacob Templen"]
[WhiteFideId "5200776"]
[BlackFideId "1542656"]
[WhiteElo "2261"]
[BlackElo "2121"]
[Result "0-1"]
[Round "05"]
[TimeControl "180+1"]
[Date "2022.11.02"]
[WhiteClock "0:00:09"]
[BlackClock "0:00:13"]

1. e4 e5 2. Nf3 Nc6 3. Bc4 Bd6 4. d3 Nf6 5. Bg5 h6 6. Bh4 g5 7. Bg3 Qe7 8. Nc3 Nd8 9. O-O c6 10. d4 Bc7 11. Nxe5 Ne6 12. d5 Nf4 13. Nd3 O-O 14. Nxf4 Bxf4 15. Bxf4 gxf4 16. Qd4 c5 17. Qd3 d6 18. Rae1 Qe5 19. a4 Kh8 20. Kh1 Rg8 21. f3 Nh5 22. Ne2 Qxb2 23. Nc3 Qb6 24. e5 Qd8 25. e6 Ng3+ 26. hxg3 fxg3 27. e7 Qe8 28. Qe3 Kh7 29. Bd3+ f5 30. Qf4 Qh5+ 31. Kg1 Qh2# 0-1


[Site "https://www.chess.com"]

[Event "Titled Tuesday Blitz November 01 Early 2022"]
[White "Manukian, Artak"]
[Black "Pinheiro, Iung Alicio de O."]
[WhiteFideId "13301373"]
[BlackFideId "2104350"]
[WhiteElo "2461"]
[BlackElo "2283"]
[Result "1-0"]
[Round "05"]
[TimeControl "180+1"]
[Date "2022.11.02"]
[WhiteClock "0:00:37"]
[BlackClock "0:00:15"]

1. e4 c5 2. Nf3 Nc6 3. c3 Nf6 4. e5 Nd5 5. d4 cxd4 6. cxd4 d6 7. Nc3 Nxc3 8. bxc3 e6 9. Bd3 dxe5 10. dxe5 Be7 11. O-O Qa5 12. Qe2 Bd7 13. Rb1 O-O-O 14. Be4 Kc7 15. Bf4 Bc8 16. Bxc6 Kxc6 17. Qc4+ Qc5 18. Nd4+ Kc7 19. Nb5+ Kb8 20. Qb3 g5 21. Bg3 h5 22. h3 h4 23. Bh2 g4 24. hxg4 h3 25. Nd6 Qc6 26. f3 hxg2 27. Kxg2 Rxh2+ 28. Kxh2 Bxd6 29. exd6 Qxd6+ 30. Kg2 Rh8 31. Rh1 Qd2+ 32. Kg3 Qd6+ 33. Kg2 Qd2+ 34. Kg3 Rd8 35. Rbd1 Qg5 36. f4 Qe7 37. Rxd8 Qxd8 38. Rd1 Qa5 39. Qb4 Qxa2 40. Qd6+ Ka8 41. Qc7 1-0


[Site "https://www.chess.com"]

[Event "Titled Tuesday Blitz November 01 Early 2022"]
[White "Martinez Alcantara, Jose Eduardo"]
[Black "Chigaev, Maksim"]
[WhiteFideId "3805662"]
[BlackFideId "4108116"]
[WhiteElo "2703"]
[BlackElo "2537"]
[Result "1/2-1/2"]
[Round "05"]
[TimeControl "180+1"]
[Date "2022.11.01"]
[WhiteClock "0:00:36"]
[BlackClock "0:00:10"]

1. e4 c5 2. Nf3 e6 3. c3 d5 4. exd5 Qxd5 5. d4 Nf6 6. Be3 cxd4 7. cxd4 Bb4+ 8. Nc3 O-O 9. Bd3 b6 10. O-O Bxc3 11. bxc3 Ba6 12. Bxa6 Nxa6 13. Qe2 Nb8 14. c4 Qe4 15. Rfe1 Nbd7 16. a4 h6 17. a5 Rfc8 18. h3 Rab8 19. Rec1 Nf8 20. Nd2 Qf5 21. axb6 axb6 22. Qf3 Qxf3 23. Nxf3 b5 24. c5 Nd5 25. Bd2 Ng6 26. Rcb1 Nge7 27. Ne5 Nc6 28. Nxc6 Rxc6 29. Kf1 e5 30. Ra5 exd4 31. Raxb5 Rbc8 32. Rc1 Nc7 33. Rb6 Na6 34. Rxc6 Rxc6 35. Rc4 Rxc5 36. Rxd4 Rc8 37. g4 Nb8 38. Rd5 Nc6 39. Be3 Ne7 40. Rb5 Nc6 41. h4 Ne7 42. Kg2 Nc6 43. Kg3 Ne7 44. h5 Nc6 45. Rb7 Nd8 46. Rd7 Ne6 47. Kf3 Rc4 48. Ra7 Rc8 49. Kg3 Rc3 50. Ra5 Rb3 51. Kg2 Rb4 52. Kf3 Nd4+ 53. Kg2 Ne6 54. Kg3 Rb3 55. Rd5 Ra3 56. Rb5 Rd3 57. Rb8+ Rd8 58. Rb3 Rd5 59. Ra3 f5 60. f3 fxg4 61. fxg4 Kf7 62. Kf3 Ng5+ 63. Kg3 Ne6 64. Ra7+ Kf8 65. Ra6 Kf7 66. Kf3 Ke7 67. Ke4 Rb5 68. Kf3 Kf7 69. Rc6 Rb3 70. Kf2 Rb4 71. Kf3 Nd4+ 72. Bxd4 Rxd4 73. Rc7+ Kf6 74. Rc6+ Kf7 75. Ra6 Rc4 76. Kg3 Rb4 77. Kh4 Rc4 78. Ra7+ Kf6 79. Rb7 g5+ 80. hxg6 Kxg6 81. Rb6+ Kg7 82. Rb5 Rc1 83. Rb7+ Kg6 84. Rb3 Rh1+ 85. Kg3 Rf1 86. Rb6+ Rf6 87. Rb5 Re6 88. Rb3 Rd6 89. Rf3 Rc6 90. Rd3 Ra6 91. Rb3 Re6 92. Rb4 Rd6 93. Kf4 Rf6+ 94. Kg3 Rd6 95. Ra4 Re6 96. Kh4 Re1 97. Ra6+ Kg7 98. Kh3 Rh1+ 99. Kg2 Re1 100. Ra7+ Kg6 101. Kf2 Re4 102. Kf3 Rb4 103. Ra8 h5 104. Ra6+ Kg7 105. gxh5 Kh7 106. Kg3 Kg7 107. Ra5 Kh7 108. Ra6 Kg7 109. Rg6+ Kh7 110. Kh3 Ra4 111. Rb6 Rc4 112. Kg3 Ra4 113. Rb7+ Kh6 114. Rb5 Rc4 115. Ra5 Rb4 116. Rc5 Ra4 117. Rb5 Rc4 118. Kh3 Ra4 119. Rc5 Rd4 120. Kg3 Ra4 121. Kh3 Rd4 122. Kg3 Rb4 123. Kh3 Rd4 1/2-1/2


[Site "https://www.chess.com"]

[Event "Titled Tuesday Blitz November 01 Early 2022"]
[White "Martinez Molina, Carlos Alberto"]
[Black "Omariev, Maksim"]
[WhiteFideId "5122708"]
[BlackFideId "4193423"]
[WhiteElo "2212"]
[BlackElo "2415"]
[Result "1-0"]
[Round "05"]
[TimeControl "180+1"]
[Date "2022.11.02"]
[WhiteClock "0:00:53"]
[BlackClock "0:00:04"]

1. d4 d5 2. c4 e6 3. Nc3 Nf6 4. Nf3 Be7 5. Bg5 h6 6. Bh4 O-O 7. e3 a6 8. cxd5 exd5 9. Bd3 Be6 10. O-O Nbd7 11. Rc1 Re8 12. Bb1 c6 13. Qd3 g6 14. a3 Bf5 15. Qd1 Bxb1 16. Rxb1 Ne4 17. Bxe7 Qxe7 18. Ne2 h5 19. b4 Nd6 20. Nf4 Nc4 21. Qc1 b5 22. Nd3 a5 23. Nc5 Nxc5 24. dxc5 axb4 25. axb4 Ra4 26. Nd4 Qc7 27. Re1 Ra2 28. Ra1 Rea8 29. Rxa2 Rxa2 30. Qb1 Ra4 31. h3 Nd2 32. Qb2 Ne4 33. Ra1 Qb7 34. g3 Qa6 35. Rxa4 bxa4 36. b5 cxb5 37. c6 a3 38. Qa2 Nc3 39. Qa1 b4 40. c7 Qc4 41. Nb5 a2 42. Nxc3 bxc3 43. Qxa2 Qxc7 44. Qc2 Qc4 45. h4 d4 46. exd4 Qxd4 47. Kf1 Kh7 48. Ke2 Qc4+ 49. Ke3 Qc5+ 50. Ke2 Kg8 51. Kd3 Kh7 52. Ke2 Kh6 53. Qc1+ Kg7 54. Qc2 f6 55. Kf1 g5 56. hxg5 fxg5 57. Kg2 Kh6 58. Kf1 Qc4+ 59. Ke1 Qd4 60. Qa2 h4 61. Qe6+ Kh5 62. Qe2+ Kg6 63. Qe6+ Kg7 64. Qe7+ Kg6 65. Qe8+ Kf5 66. Qc8+ Ke4 67. Qg4+ Kd3 68. Qe2# 1-0


[Site "https://www.chess.com"]

[Event "Titled Tuesday Blitz November 01 Early 2022"]
[White "Matinian, Nikita"]
[Black "Grandelius, Nils"]
[WhiteFideId "24129100"]
[BlackFideId "1710400"]
[WhiteElo "2422"]
[BlackElo "2617"]
[Result "1/2-1/2"]
[Round "05"]
[TimeControl "180+1"]
[Date "2022.11.01"]
[WhiteClock "0:00:06"]
[BlackClock "0:00:03"]

1. e4 e5 2. Nf3 Nc6 3. Bb5 Nf6 4. d3 Bc5 5. c3 O-O 6. O-O d6 7. Bg5 Ne7 8. Bxf6 gxf6 9. d4 Bb6 10. Nbd2 Ng6 11. Re1 c6 12. Bf1 Kh8 13. Nc4 Bc7 14. Ne3 Rg8 15. Nf5 Bxf5 16. exf5 Ne7 17. Qb3 Rg7 18. dxe5 dxe5 19. Qxb7 Rb8 20. Qxa7 Bb6 21. Qa4 Nxf5 22. Qxc6 Rc8 23. Qe4 Bxf2+ 24. Kxf2 Qb6+ 25. Nd4 Nd6 26. Qd3 exd4 27. Qxd4 Qxb2+ 28. Kg1 Nb5 29. Qd7 Rcg8 30. Qb7 Qc2 31. Rac1 Qxa2 32. Re2 Qa3 33. Rce1 Nxc3 34. Re8 Qc5+ 35. Kh1 Qf2 36. Rxg8+ Rxg8 37. Rc1 Ne2 38. Bxe2 Qxe2 39. Qf3 Qxf3 40. gxf3 Rg6 41. Rc7 Kg7 42. Rc4 Rg5 43. Re4 Kg6 44. Rf4 h5 45. Re4 Re5 46. Rf4 Rf5 47. Re4 Rxf3 48. Kg2 Rf5 49. Ra4 Rg5+ 50. Kh3 Rf5 51. Ra8 Rf4 52. Kg3 Rg4+ 53. Kh3 Rb4 54. Rg8+ Kf5 55. Rh8 Kg5 56. Rg8+ Kf4 57. Kh4 Rb2 58. h3 Rb5 59. Rf8 Kf5 60. Rxf7 Kg6 61. Rf8 Rb4+ 62. Kg3 h4+ 63. Kf3 Kg5 64. Rg8+ Kf5 65. Re8 Rb3+ 66. Kg2 Rg3+ 67. Kh2 Rb3 68. Rh8 Rb2+ 69. Kg1 Rb4 70. Kg2 Rb2+ 71. Kf3 Rb3+ 72. Kg2 Kg5 73. Rg8+ Kh5 74. Rh8+ Kg5 75. Rg8+ Kf5 76. Rh8 Rb2+ 77. Kf3 Rb3+ 78. Kg2 1/2-1/2


[Site "https://www.chess.com"]

[Event "Titled Tuesday Blitz November 01 Early 2022"]
[White "Maximov, Dmitry"]
[Black "Krysa, Leandro"]
[WhiteFideId "14105659"]
[BlackFideId "116807"]
[WhiteElo "2494"]
[BlackElo "2486"]
[Result "1/2-1/2"]
[Round "05"]
[TimeControl "180+1"]
[Date "2022.11.01"]
[WhiteClock "0:00:02"]
[BlackClock "0:00:20"]

1. e4 g6 2. d4 Bg7 3. c3 d6 4. Bd3 Nf6 5. Nf3 O-O 6. O-O Nc6 7. h3 e5 8. d5 Nb8 9. a4 a5 10. Bc2 Na6 11. Re1 Nh5 12. Nbd2 Qe8 13. Nf1 h6 14. N3h2 f5 15. exf5 gxf5 16. f4 Qf7 17. c4 exf4 18. Ra3 Nc5 19. Rf3 Be5 20. Rf2 Bd7 21. Nf3 Rae8 22. b3 b6 23. Nxe5 dxe5 24. Bb2 e4 25. d6 cxd6 26. Qxd6 Re6 27. Qd4 Kh7 28. Bd1 Rg8 29. Bxh5 Qxh5 30. Rxf4 Reg6 31. Rf2 Qxh3 32. Ree2 f4 33. Qe5 Be6 34. Qxf4 Nd3 35. Qc7+ Bd7 36. Rxe4 Nxf2 37. Re7+ R8g7 38. Rxg7+ Rxg7 39. Bxg7 Qf5 40. Be5 Ng4 41. Bg3 Qc5+ 42. Qxc5 bxc5 43. Bd6 Bf5 44. Bxc5 Bc2 45. Bb6 Bxb3 46. Bxa5 Bxc4 47. Bb6 Ba6 48. a5 Kg6 49. Ng3 h5 50. Ne4 Ne5 51. Nc5 Bc8 52. a6 Nc6 53. a7 Nxa7 54. Bxa7 Kf5 55. Kh2 Kg4 56. Bb8 h4 57. Ne4 Bb7 58. Nf2+ Kf5 59. Bc7 Bc6 60. Bd8 h3 61. Kxh3 Kg6 62. g4 Bd7 63. Kh4 Bc8 64. Ne4 Bd7 65. Ng3 Bc8 66. g5 Bd7 67. Bf6 Be8 68. Ne2 Kf5 69. Nd4+ Ke4 70. Kg4 Kd5 71. Nf5 Bd7 72. Kf4 Be8 73. Ne7+ Ke6 74. Nf5 Bg6 75. Nh4 Bf7 76. Bc3 Be8 77. g6 Bxg6 78. Nxg6 Kd5 79. Kf5 Kc4 80. Be5 Kc5 81. Ke4 Kc4 82. Bd4 Kb5 83. Kd5 Kb4 84. Ne5 Kb5 85. Bc3 Kb6 86. Nc6 Kb7 87. Kd6 Kb6 88. Nd4 Kb7 89. Ba5 Ka6 90. Bd8 Kb7 91. Bc7 Kc8 92. Nc6 Kb7 93. Nb4 Kc8 94. Nd5 Kb7 95. Kc5 Kc8 96. Kd6 Kb7 97. Bb6 Ka6 98. Kc5 Kb7 99. Nc7 Kc8 100. Kc6 Kd8 101. Bc5 Kc8 102. Be7 Kb8 103. Nb5 Kc8 104. Na7+ Kb8 105. Kb6 Ka8 106. Ka6 Kb8 107. Bd8 Ka8 108. Nb5 Kb8 109. Nd6 Ka8 110. Kb6 Kb8 111. Bf6 Ka8 112. Nb5 Kb8 113. Na7 Ka8 114. Be7 Kb8 115. Bd6+ Ka8 116. Bb4 Kb8 117. Be7 Ka8 118. Nb5 Kb8 119. Nd6 Ka8 120. Kc7 Ka7 121. Bf6 Ka6 122. Bc3 Ka7 123. Kc6 Ka6 124. Nb5 1/2-1/2


[Site "https://www.chess.com"]

[Event "Titled Tuesday Blitz November 01 Early 2022"]
[White "Melikhov, Evgeny V."]
[Black "Tokhirjonova, Gulrukhbegim"]
[WhiteFideId "4122046"]
[BlackFideId "14203626"]
[WhiteElo "2169"]
[BlackElo "2236"]
[Result "0-1"]
[Round "05"]
[TimeControl "180+1"]
[Date "2022.11.02"]
[WhiteClock "0:00:07"]
[BlackClock "0:00:07"]

1. d4 Nf6 2. c4 e6 3. Nc3 Bb4 4. Qc2 d5 5. cxd5 exd5 6. Bg5 h6 7. Bxf6 Qxf6 8. a3 Bxc3+ 9. Qxc3 c6 10. e3 O-O 11. Nf3 Nd7 12. Be2 Re8 13. O-O Qg6 14. Rfc1 a6 15. b4 Nf8 16. a4 Bh3 17. Bf1 Nd7 18. b5 axb5 19. axb5 Rxa1 20. Rxa1 Bg4 21. Be2 cxb5 22. Qb4 Rc8 23. Qxb5 Qc6 24. Rb1 Bxf3 25. Qxc6 bxc6 26. Bxf3 Kf8 27. Rb7 Nf6 28. h4 g6 29. g4 g5 30. h5 Ne8 31. Kg2 Nd6 32. Ra7 Nb5 33. Rb7 Rc7 34. Rb8+ Ke7 35. Rh8 c5 36. dxc5 Rxc5 37. Rxh6 d4 38. Rc6 Rxc6 39. Bxc6 Na7 40. Ba4 d3 41. Kf3 Nc8 42. e4 Nb6 43. Bb3 Nd7 44. Ke3 Ne5 45. Bd1 Kf6 46. f4 gxf4+ 47. Kxf4 Nc4 48. g5+ Kg7 0-1


[Site "https://www.chess.com"]

[Event "Titled Tuesday Blitz November 01 Early 2022"]
[White "Melikyan, Gnel"]
[Black "Villamayor, Buenaventura"]
[WhiteFideId "54109990"]
[BlackFideId "5200393"]
[WhiteElo "2138"]
[BlackElo "2301"]
[Result "0-1"]
[Round "05"]
[TimeControl "180+1"]
[Date "2022.11.02"]
[WhiteClock "0:00:24"]
[BlackClock "0:00:15"]

1. d4 Nf6 2. c4 e6 3. Nc3 Bb4 4. f3 Bxc3+ 5. bxc3 d5 6. e4 dxe4 7. Bg5 h6 8. Bh4 g5 9. Bg3 c5 10. dxc5 Qxd1+ 11. Rxd1 Nc6 12. Bd6 Bd7 13. Be2 O-O-O 14. Nh3 exf3 15. gxf3 e5 16. Nf2 Nh5 17. Bd3 Nf4 18. Be4 f5 19. Bd5 Rhe8 20. Nd3 Be6 21. Nxf4 gxf4 22. Rg1 e4 23. fxe4 fxe4 24. Bxf4 Bd7 25. Kf2 Ne5 26. Bxe5 Rxe5 27. Ke3 Rf8 28. Rdf1 Rfe8 29. Rg7 Rh5 30. Rff7 Rh3+ 31. Kd4 Rd3# 0-1


[Site "https://www.chess.com"]

[Event "Titled Tuesday Blitz November 01 Early 2022"]
[White "Mirzoev, Azer"]
[Black "Boruchovsky, Avital"]
[WhiteFideId "13400304"]
[BlackFideId "2800055"]
[WhiteElo "2525"]
[BlackElo "2466"]
[Result "1-0"]
[Round "05"]
[TimeControl "180+1"]
[Date "2022.11.01"]
[WhiteClock "0:00:05"]
[BlackClock "0:00:06"]

1. d4 d5 2. Nf3 e6 3. Bf4 c5 4. e3 Nc6 5. c3 Nf6 6. Nbd2 Be7 7. h3 O-O 8. Bd3 c4 9. Bc2 b5 10. a3 a5 11. O-O Bb7 12. e4 b4 13. axb4 axb4 14. Rxa8 Qxa8 15. Re1 Qa2 16. Qc1 Ra8 17. Bg5 h6 18. Bxf6 Bxf6 19. exd5 exd5 20. Nf1 bxc3 21. bxc3 Na5 22. Ng3 Nb3 23. Qd1 Qb2 24. Nh5 Qxc3 25. Qe2 Bc6 26. Ne5 Bxe5 27. Qxe5 Qxd4 28. Qc7 Qd2 29. Re7 Be8 30. Bg6 Qc1+ 31. Kh2 Qg5 32. Bxf7+ Bxf7 33. Rxf7 Qxh5 34. Rxg7+ Kf8 35. Qe7# 1-0


[Site "https://www.chess.com"]

[Event "Titled Tuesday Blitz November 01 Early 2022"]
[White "Molina, Roberto Junio Brito"]
[Black "Yurovskykh, Oleksandr"]
[WhiteFideId "2109450"]
[BlackFideId "14134020"]
[WhiteElo "2388"]
[BlackElo "2303"]
[Result "1-0"]
[Round "05"]
[TimeControl "180+1"]
[Date "2022.11.02"]
[WhiteClock "0:00:17"]
[BlackClock "0:00:02"]

1. d4 d5 2. Nf3 Nf6 3. e3 Bg4 4. c4 e6 5. Qb3 Nc6 6. cxd5 exd5 7. Bb5 Bxf3 8. gxf3 Bd6 9. Nc3 O-O 10. Bd2 Ne7 11. Bd3 b6 12. Nb5 c5 13. Nxd6 Qxd6 14. Qa3 Qc7 15. Bc3 c4 16. Bc2 Nc6 17. O-O Rab8 18. b4 b5 19. Qc1 a5 20. a3 axb4 21. axb4 Qe7 22. Kh1 Nxb4 23. Qa3 Nc6 24. Qxe7 Nxe7 25. Bb4 Nc6 26. Bxf8 Kxf8 27. Rfb1 b4 28. Ra6 Rc8 29. Ba4 Nb8 30. Ra8 b3 31. Kg2 Ke7 32. Bxb3 cxb3 33. Rxb3 Nfd7 34. Rb7 Kd6 35. f4 g6 36. h4 h5 37. Kf3 Rd8 38. f5 gxf5 39. Kf4 Rg8 40. Kxf5 Kc6 41. Rb1 Rg2 42. f4 Rg3 43. Raxb8 Nxb8 44. Rxb8 Rxe3 45. Rh8 Re4 46. Rxh5 Rxd4 47. Rh7 Rd1 48. Rxf7 Rh1 49. Kg4 d4 50. Rf8 Kd5 51. Rd8+ Ke4 52. Re8+ Kd5 53. f5 d3 54. f6 Rf1 55. Kg5 Kc4 56. Rd8 Rg1+ 57. Kf5 Rf1+ 58. Kg6 Rf4 59. h5 Rf1 60. f7 Rg1+ 61. Kh7 Rf1 62. f8=Q Rxf8 63. Rxf8 1-0


[Site "https://www.chess.com"]

[Event "Titled Tuesday Blitz November 01 Early 2022"]
[White "Muminova, Nafisa"]
[Black "Gurevich, Dmitry"]
[WhiteFideId "14201526"]
[BlackFideId "2000407"]
[WhiteElo "2258"]
[BlackElo "2506"]
[Result "0-1"]
[Round "05"]
[TimeControl "180+1"]
[Date "2022.11.02"]
[WhiteClock "0:00:09"]
[BlackClock "0:01:14"]

1. e4 c5 2. Nf3 d6 3. d4 cxd4 4. Nxd4 Nf6 5. Nc3 Nc6 6. Be2 g6 7. Be3 Bg7 8. O-O O-O 9. h3 Bd7 10. Nb3 Rc8 11. Qd2 a6 12. Bh6 Ne5 13. Bxg7 Kxg7 14. Nd4 Qb6 15. Nd5 Nxd5 16. exd5 Rc5 17. c3 Rxd5 18. Nf5+ Bxf5 19. Qxd5 Qxb2 20. Rfe1 Rc8 21. c4 Rc5 22. Qd1 h5 23. f4 Nxc4 24. Bxc4 Rxc4 25. Rxe7 Rc2 26. Qf1 Bd3 27. Rb1 Qd4+ 0-1


[Site "https://www.chess.com"]

[Event "Titled Tuesday Blitz November 01 Early 2022"]
[White "Najdin, Danil"]
[Black "Warchol, Kamil"]
[WhiteFideId "4172426"]
[BlackFideId "21858241"]
[WhiteElo "2240"]
[BlackElo "2001"]
[Result "0-1"]
[Round "05"]
[TimeControl "180+1"]
[Date "2022.11.02"]
[WhiteClock "0:00:01"]
[BlackClock "0:00:12"]

1. e4 c5 2. Nf3 e6 3. d4 cxd4 4. Nxd4 Nc6 5. Nc3 Qc7 6. Be3 a6 7. g4 Ne5 8. f3 b5 9. a3 Bb7 10. Qd2 Bc5 11. O-O-O Ne7 12. Nb3 Nxf3 13. Qf2 Bxe3+ 14. Qxe3 Ne5 15. Bxb5 axb5 16. Nxb5 Qc6 17. Nd6+ Kf8 18. Rhf1 Ba6 19. Rf2 Kg8 20. Nc5 N7g6 21. h4 Nxg4 22. Qg5 Nxf2 23. Rd2 h6 24. Qe3 Ng4 25. Qd4 N4e5 26. h5 Nf3 27. Qf2 Nge5 28. Rd4 Qxc5 0-1


[Site "https://www.chess.com"]

[Event "Titled Tuesday Blitz November 01 Early 2022"]
[White "Nakamura, Hikaru"]
[Black "Ibarra Jerez, Jose Carlos"]
[WhiteFideId "2016192"]
[BlackFideId "2226332"]
[WhiteElo "3243"]
[BlackElo "2946"]
[Result "1-0"]
[Round "05"]
[TimeControl "180+1"]
[Date "2022.11.01"]
[WhiteClock "0:00:15"]
[BlackClock "0:00:04"]

1. g4 d5 2. Bg2 Bxg4 3. c4 c6 4. Qb3 Nf6 5. cxd5 cxd5 6. Qxb7 Nbd7 7. d4 e6 8. Bf4 Nh5 9. Bd2 Rb8 10. Qxa7 Rxb2 11. Bf3 Bxf3 12. Nxf3 Bd6 13. Nc3 O-O 14. Rb1 Rxb1+ 15. Nxb1 Nhf6 16. Nc3 Ne4 17. Nb5 Bb8 18. Qb7 Qc8 19. Qxc8 Rxc8 20. O-O Rc2 21. Rc1 Rxc1+ 22. Bxc1 Nb6 23. Ne1 f6 24. Nd3 Kf7 25. Ba3 Ke8 26. f3 Nd2 27. Bb4 Ndc4 28. Nc5 Kf7 29. a4 Bf4 30. a5 Na8 31. a6 e5 32. dxe5 Be3+ 33. Kf1 fxe5 34. Nb7 Ke6 35. Bc5 Kd7 36. Bxe3 Nxe3+ 37. Kf2 d4 38. N5d6 Kc6 39. Nf7 Nc4 40. Nbd8+ Kb6 41. Ne6 Kxa6 42. Nxg7 Kb5 43. Ng5 h6 44. Nf7 Kc6 45. Nxh6 Kd5 46. Ng4 Nab6 47. Nf6+ Kd6 48. h4 Ke7 49. Ne4 Kf7 50. Nf5 Kg6 51. Neg3 Nd5 52. h5+ Kg5 53. h6 Nf6 54. Kg2 Ne3+ 55. Nxe3 dxe3 56. Ne4+ Kg6 57. Nxf6 Kxf6 58. Kg3 Kg6 59. Kg4 Kxh6 60. Kf5 Kh5 61. Kxe5 Kh4 62. Ke4 Kg3 63. Kxe3 1-0


[Site "https://www.chess.com"]

[Event "Titled Tuesday Blitz November 01 Early 2022"]
[White "Navara, David"]
[Black "Narayanan, Srinath"]
[WhiteFideId "309095"]
[BlackFideId "5018420"]
[WhiteElo "2676"]
[BlackElo "2459"]
[Result "1-0"]
[Round "05"]
[TimeControl "180+1"]
[Date "2022.11.01"]
[WhiteClock "0:00:15"]
[BlackClock "0:00:02"]

1. d4 Nf6 2. Nf3 d5 3. Bf4 c5 4. e3 Nc6 5. Nbd2 Bg4 6. c3 e6 7. Qb3 Qc8 8. h3 Bh5 9. Nh4 cxd4 10. exd4 Qd7 11. Bd3 Bd6 12. Bxd6 Qxd6 13. Nhf3 O-O 14. O-O Rab8 15. Rfe1 Nd7 16. Qc2 Bg6 17. Bxg6 hxg6 18. Re2 b5 19. a3 a5 20. b4 Rfc8 21. Qd3 Rc7 22. Nb3 e5 23. dxe5 Ncxe5 24. Nxe5 Nxe5 25. Qg3 Re7 26. Rae1 Rbe8 27. Nxa5 d4 28. cxd4 Qxd4 29. Nb3 Qd5 30. Kh1 Re6 31. Nc5 R6e7 32. Qb3 Qd6 33. Ne4 Qd4 34. Qc3 Qd5 35. Nc5 Qd6 36. Ne4 Qd5 37. Qc5 Qxc5 38. Nxc5 1-0


[Site "https://www.chess.com"]